 Dungeon Crawl Stone Soup version 0.28.0-45-g0d030f2227 (webtiles) character file.

Game seed: 2406258566644994555

94 101zpm the Chiller (level 4, -10/34 HPs)
             Began as a Draconian Ice Elementalist on Apr 17, 2022.
             Killed from afar by Sigmund (11 damage)
             ... with a puff of flame
             ... on level 2 of the Dungeon.
             The game lasted 00:05:21 (2407 turns).

101zpm the Chiller (Draconian Ice Elementalist)     Turns: 2407, Time: 00:05:22

Health: -10/34     AC:  5    Str: 10    XL:     4   Next: 38%
Magic:  7/7        EV: 12    Int: 17    God:
Gold:   136        SH:  0    Dex: 12    Spells: 3/7 levels left

rFire   . . .      SeeInvis .   g - +3 dagger of Maluph {flame, rN+}
rCold   . . .      Faith    .   (no shield)
rNeg    + . .      Spirit   .   (armour unavailable)
rPois   .          Reflect  +   (helmet restricted)
rElec   .          Harm     .   (no cloak)
rCorr   .          Rampage  .   (no gloves)
Will    .....                   (no boots)
Stlth   +.........              b - amulet of reflection
HPRegen 0.11/turn               (no ring)
MPRegen 0.10/turn               (no ring)

@: confused
A: AC +5, unfitting armour, cold-blooded
a: no special abilities


You were on level 2 of the Dungeon.
You visited 1 branch of the dungeon, and saw 2 of its levels.

You collected 136 gold pieces.

Inventory:

Hand Weapons
 e - a +0 short sword of venom
 g - the +3 dagger of Maluph (weapon) {flame, rN+}
   (You found it on level 2 of the Dungeon)

   It burns those it strikes, dealing additional fire damage.
   rN:        It protects you from negative energy.
Jewellery
 b - an amulet of reflection (around neck)
Scrolls
 d - 2 scrolls of identify {unknown}
 i - a scroll of silence {unknown}
Potions
 a - a potion of flight {unknown}
 c - a potion of curing {unknown}
 f - a potion of ambrosia {unknown}
 h - a potion of might


   Skills:
 + Level 0.6 Fighting
 + Level 1.6 Short Blades
 + Level 2.1 Dodging
 + Level 2.7 Stealth
 + Level 0.3 Shields
 + Level 2.1 Spellcasting
 + Level 4.6 Ice Magic


You had 3 spell levels left.
You knew the following spells:

 Your Spells              Type           Power      Damage    Failure   Level
a - Freeze                Ice            68%        1d8       2%          1
b - Frozen Ramparts       Ice            34%        1d5       9%          3

Your spell library contained the following spells:

 Spells                   Type           Power      Damage    Failure   Level
 Ozocubu's Armour         Ice            17%        N/A       9%          3
 Animate Skeleton         Necr           2%         N/A       19%         1
 Pain                     Necr           4%         1d4       19%         1
 Vampiric Draining        Necr           1%         2d6       50%         3
 Hailstorm                Conj/Ice       9%         3d4       58%         4


Dungeon Overview and Level Annotations

Branches:
Dungeon (2/15)

Altars:

Annotations:
D:2 Natasha, Sigmund


Innate Abilities, Weirdness & Mutations

Your plain brown scales are hard. (AC +5)
You cannot fit into any form of body armour.
You are cold-blooded and may be slowed by cold attacks.


Message History

You kill the gnoll!
You see here a +0 spear.
You start resting.
HP restored.
You start waiting.
Done waiting.
Search for what [Enter for "."]? .
Search for what [Enter for "."]? .
You now have 136 gold pieces (gained 14).
i - a scroll labelled JIM RUIBIMUCS Sigmund shouts!
Sigmund mumbles some strange words.
Sigmund flickers and vanishes!
Deactivating autopickup; reactivate with Ctrl-A.
You see here a +0 plate armour.
You are confused.
You see here a +0 plate armour.
You hear some strange, mumbled words.
A puff of flame appears from out of thin air!
The puff of flame misses you.
You're too confused to move!
You hear some strange, mumbled words.
You are more confused.
Something completely misses you.
You're too confused to move!
Something hits you! Something hits you but does no damage. Something hits you!
* * * LOW HITPOINT WARNING * * *
Something hits you.
* * * LOW HITPOINT WARNING * * *
You feel less confused. Something hits you.
* * * LOW HITPOINT WARNING * * *
You hear some strange, mumbled words.
You are confused.
There is a stone staircase leading up here.
A puff of flame appears from out of thin air!
The puff of flame hits you!
You die...

.... #### .# #. .# .# .#
.. .# #. .# #.#.. .# ####
##.#..###### .###..
.......@...## .#....
.....##.#...# .#.#.# ##.#
#.#...# # .#.#.# #.#
##{#...#.##
##.#.######.###.........#
..................[.....#
##.####.....###.........#
#..........######...####
######.......# #...#


There were no monsters in sight!

Vanquished Creatures
  4 gnolls
  An ufetubus (D:2)
  A dart slug (D:2)
  4 bats
  3 endoplasms (D:1)
  2 giant cockroaches (D:1)
  A hobgoblin (D:2)
  6 jackals (D:1)
  5 kobolds
  2 quokkas (D:2)
  2 ball pythons
  2 frilled lizards
  4 goblins
  12 rats
49 creatures vanquished.

Notes
Turn   | Place    | Note
-------+----------+-------------------------------------------
     0 | D:1      | 101zpm the Draconian Ice Elementalist began the quest for
                  | the Orb.
     0 | D:1      | Reached XP level 1. HP: 14/14 MP: 3/3
   120 | D:1      | Reached XP level 2. HP: 18/20 MP: 5/5
   789 | D:1      | Reached XP level 3. HP: 26/26 MP: 6/6
  1523 | D:2      | Reached skill level 1 in Short Blades
  1592 | D:2      | Noticed Sigmund
  1592 | D:2      | Noticed Natasha
  1598 | D:2      | Identified the +3 dagger of Maluph {flame, rN+}
  1825 | D:1      | Reached XP level 4. HP: 20/34 MP: 7/7
  2052 | D:1      | Learned a level 3 spell: Frozen Ramparts
  2402 | D:2      | HP: 1/34 [something (4)]
  2407 | D:2      | Killed from afar by Sigmund

Illustrated notes

Levels and vault maps discovered:
D:1:      lightli_arrival_noodles, layout_loops_ring, minmay_liquid_box,
          grunt_decor_mini_mirrors, minmay_rat_gold_closets
D:2:      layout_loops_ring, roderic_roman_lattice, uniq_natasha, uniq_jessica,
          uniq_sigmund

Skill      XL: |  1  2  3 |
---------------+----------+-----
Stealth        | 2 |  2.7
Short Blades   | 1 |  1.6
Dodging        | 2 |  2.1
Fighting       | |  0.6
Shields        | |  0.3
Spellcasting   | |  2.1
Ice Magic      | |  4.6

Action                   |  1- 3 |  4- 6 || total
-------------------------+-------+-------++-------
Melee: Short sword       |    97 |       ||    97
       Tailslap          |    12 |     1 ||    13
       Punch             |     2 |       ||     2
       Dagger            |    14 |     7 ||    21
 Cast: Freeze            |     5 |     2 ||     7
 Stab: Sleeping          |     9 |       ||     9
Armor: Skin              |    36 |     1 ||    37
Dodge: Dodged            |    71 |     9 ||    80
Block: Other             |    16 |     1 ||    17
